 Dungeon Crawl Stone Soup version 0.31-a0-229-g1fc7ce93e2 (webtiles) character file.

Game seed: 16501729662360584661

74 qw the Shooter (level 4, 0/26 HPs)
             Began as a Gargoyle Hexslinger on July 6, 2023.
             Slain by a gnoll
             ... wielding a +0 halberd
             ... led by a gnoll bouda
              (8 damage)
             ... on level 5 of the Dungeon.
             The game lasted 00:00:46 (2064 turns).

qw the Shooter (Gargoyle Hexslinger)                Turns: 2064, Time: 00:00:47

Health: 0/26       AC:  6    Str: 11    XL:     4   Next: 28%
Magic:  5/5        EV: 11    Int: 14    God:
Gold:   155        SH:  5    Dex: 14    Spells: 4/5 levels left

rFire   . . .        Y - +2 sling
rCold   . . .        (no shield)
rNeg    + . .        d - +0 leather armour
rPois   inf          (no helmet)
rElec   +            (no cloak)
rCorr   .            (no gloves)
SInv    .            (no boots)
Will    +....        b - amulet of reflection
Stlth   +            j - ring of willpower
HPRegen 0.24/turn    (no ring)
MPRegen 0.09/turn

%: reflection
@: weakened
A: sickness immunity, AC +3, negative energy resistance 1, electricity
resistance, torment resistance 1, petrification resistance
a: no special abilities


You were on level 5 of the Dungeon.
You visited 1 branch of the dungeon, and saw 4 of its levels.

You collected 155 gold pieces.


Innate Abilities, Weirdness & Mutations

You are immune to sickness and miasma.
Your stone body is resilient. (AC +3)
You are immune to poison.
You resist negative energy. (rN+)
You are resistant to electric shocks. (rElec)
You are resistant to unholy torment.
You are immune to petrification.


   Skills:
 - Level 2.0 Fighting
 + Level 4.1 Ranged Weapons
 - Level 1.5 Dodging
 - Level 1.0 Spellcasting
 - Level 2.6 Hexes


You had 4 spell levels left.
You knew the following spells:

 Your Spells              Type           Power      Damage    Failure   Level
a - Slow                  Hex            32%        N/A       12%         1

Your spell library contained the following spells:

 Spells                   Type           Power      Damage    Failure   Level
 Inner Flame              Hex/Fire       4%         N/A       52%         3
 Portal Projectile        Hex/Tloc       8%         N/A       52%         3
 Cause Fear               Hex            4%         N/A       75%         4

Inventory:

Hand Weapons
 Y - a +2 sling (weapon)
Armour
 c - a +1 cloak of preservation
 d - a +0 leather armour (worn)
Jewellery
 b - an amulet of reflection (around neck)
 j - a ring of willpower (left hand)
Scrolls
 a - a scroll of teleportation
 k - 2 scrolls of identify
 l - a scroll of noise {unknown}
 n - a scroll of blinking {unknown}
Potions
 e - a potion of heal wounds {unknown}
 f - a potion of lignification {unknown}
 g - a potion of brilliance {unknown}
 h - a potion of magic {unknown}
 i - a potion of curing {unknown}
 m - a potion of attraction {unknown}

Dungeon Overview and Level Annotations

Branches:
Dungeon (5/15)
 Temple: D:4-7

Altars:


Message History

2057 ||| Stepping ~*~*~tactically~*~*~ (outnumbered).
The gnoll bouda gazes fiercely through you!
You feel your attacks grow feeble.
You shoot a sling bullet. The sling bullet hits the gnoll bouda.
The gnoll bouda is lightly wounded.
You hear a shout!
You shoot a sling bullet. The sling bullet hits the gnoll bouda.
The gnoll bouda is moderately wounded.
The gnoll bouda barely misses you.
A gnoll comes into view. It is wielding a +0 spear.
2060 ||| Stepping ~*~*~tactically~*~*~ (outnumbered).
You shoot a sling bullet.
The sling bullet hits the gnoll bouda but does no damage.
The gnoll bouda is lightly wounded.
The gnoll closely misses you.
The gnoll hits you from afar with a +0 spear.
The gnoll hits you but does no damage. The gnoll bouda closely misses you.
The gnoll barely misses you.
You shoot a sling bullet. The sling bullet hits the gnoll bouda!
The gnoll bouda is severely wounded.
You block the gnoll's attack. The gnoll completely misses you.
The gnoll closely misses you.
The gnoll bouda gazes fiercely through you!
You feel as though you will be weak longer.
The gnoll bouda closely misses you.
You shoot a sling bullet.
The sling bullet closely misses the gnoll bouda.
The gnoll hits you but does no damage.
The gnoll hits you from afar with a +0 spear.
The gnoll barely misses you.
The gnoll bouda hits you with a +0 club.
The gnoll hits you from afar with a +0 halberd.
You block the gnoll's attack.
You shoot a sling bullet.
The sling bullet barely misses the gnoll bouda.
The gnoll hits you from afar with a +0 spear.
The gnoll bouda barely misses you. The gnoll hits you with a +0 whip.
The gnoll hits you but does no damage.
The gnoll hits you from afar with a +0 halberd!
You die...

#.......#
#.......#
#.......# ##
#.......## #.
#........####.
#....)..?.....
#.......#####.
#####.......# ##
.. #@g.#####.###
gg.)##.g.# ##..#
#g.ggg.###..##
###..........##
##.......#..#####
#>..#.#.##[....#
#####.....####.#
#.##.....#
..##.....##


You could see a gnoll bouda and 4 gnolls.

Vanquished Creatures
  2 adders
  2 dart slugs
  An orc (D:5)
  A ball python (D:1)
  6 endoplasms
  3 giant cockroaches
  3 goblins
  6 hobgoblins
  4 jackals (D:2)
  A quokka (D:5)
  7 bats
  4 frilled lizards
  4 kobolds
  3 rats
47 creatures vanquished.

Notes
Turn   | Place    | Note
-------+----------+-------------------------------------------
     0 | D:1      | qw the Gargoyle Hexslinger began the quest for the Orb.
     0 | D:1      | Reached XP level 1. HP: 12/12 MP: 2/2
     0 | D:1      | 0 ||| qw: Version: 0.3-a-46-gb1f654a
     0 | D:1      | 0 ||| qw: Game counter: 1182
     0 | D:1      | 0 ||| qw: Melee chars always use a shield: true
     0 | D:1      | 0 ||| qw: God list: Okawaru
     0 | D:1      | 0 ||| qw: Allow faded altars: false
     0 | D:1      | 0 ||| qw: Do Orc after clearing Dungeon:15 true
     0 | D:1      | 0 ||| qw: Do second Lair branch before Depths: true
     0 | D:1      | 0 ||| qw: Lair rune preference: random
     0 | D:1      | 0 ||| qw: Goals: Normal
     0 | D:1      | 0 ||| PLANNING D:1-11
   404 | D:1      | Reached XP level 2. HP: 16/16 MP: 3/3
   618 | D:1      | 618 ||| UPGRADING to ring of willpower.
   619 | D:1      | 619 ||| READING 2 scrolls labelled CIMITO BY VEAH.
   623 | D:1      | 623 ||| READING scroll labelled KUCUEW BEXI.
   624 | D:1      | 624 ||| READING scroll labelled YDIDIVV FU OLI.
   625 | D:1      | 625 ||| READING scroll labelled WESUAL INT.
   626 | D:1      | 626 ||| READING scroll labelled SIWOCICZEF.
   627 | D:1      | 627 ||| READING scroll labelled RAOWKE LEGH.
   628 | D:1      | 628 ||| DROPPING scroll of poison.
   835 | D:2      | Reached skill level 3 in Ranged Weapons
   872 | D:2      | Reached XP level 3. HP: 17/21 MP: 4/4
  1425 | D:2      | 1425 ||| UPGRADING to +0 leather armour.
  1435 | D:2      | 1435 ||| DROPPING +0 robe.
  1436 | D:2      | 1436 ||| UPGRADING to amulet of reflection.
  1441 | D:2      | 1441 ||| READING scroll labelled KUSOAFU QYUTEX.
  1624 | D:3      | Reached XP level 4. HP: 26/26 MP: 5/5
  1813 | D:3      | You fall into a shaft and drop 2 floors!
  1813 | D:5      | Entered Level 5 of the Dungeon
  1892 | D:5      | Reached skill level 4 in Ranged Weapons
  1930 | D:5      | Noticed an ogre
  1935 | D:5      | HP: 2/26 [ogre/+0 giant club (24)]
  1936 | D:5      | 1936 ||| READING 2 scrolls of teleportation.
  2057 | D:5      | 2057 ||| Stepping ~*~*~tactically~*~*~ (outnumbered).
  2060 | D:5      | 2060 ||| Stepping ~*~*~tactically~*~*~ (outnumbered).
  2064 | D:5      | Slain by a gnoll

Levels and vault maps discovered:
D:1:      heliophobic_arrival_enchanted_forest, layout_basic,
          wander_ebering_terrifying_dragon_lair
D:2:      layout_basic
D:3:      layout_loops_corners, ebering_ghost_sewer_f, kennysheep_orc_chapel
D:5:      layout_rooms, minmay_temple_entry_enclosed_plants

Skill      XL: |  1  2  3  4 |
---------------+-------------+-----
Ranged Weapons | 3 4 |  4.1
Fighting       | 2 |  2.0
Dodging        | |  1.5
Spellcasting   | |  1.0
Hexes          | |  2.6

Action                     |  1- 3 |  4- 6 || total
---------------------------+-------+-------++-------
   Fire: Sling             |   139 |    48 ||   187
    Use: Scroll            |     7 |     1 ||     8
 Armour: Robe              |    19 |       ||    19
         Leather armour    |     4 |    10 ||    14
  Dodge: Dodged            |    57 |    26 ||    83
  Block: Other             |     3 |    13 ||    16
         Reflection        |     1 |       ||     1

Table legend:
 A = Non-vault XP
 B = Vault XP
 C = Vault XP percentage of total XP
 D = Non-vault monster count
 E = Vault monster count
 F = Vault count percentage of total count
                 A         B        C        D         E       F
            +---------+---------+-------+---------+---------+-------
      Total |     105 |       1 |   0.9 |      46 |       1 |   2.1
            +---------+---------+-------+---------+---------+-------
        D:1 |      13 |       1 |   7.1 |       9 |       1 |  10.0
        D:2 |      58 |       0 |   0.0 |      25 |       0 |   0.0
        D:3 |      16 |       0 |   0.0 |       9 |       0 |   0.0
        D:5 |      18 |       0 |   0.0 |       3 |       0 |   0.0
            +---------+---------+-------+---------+---------+-------
